 Dungeon Crawl Stone Soup version bcrawl-1.28 (webtiles) character file.

Game seed: 5858246804874346728

141514 MisterOstroum the Sneak (level 3, -12/29 HPs)
             Began as a Demigod Wanderer on Nov 21, 2020.
             Mangled by a gnoll
             ... wielding a cursed -2 halberd
              (18 damage)
             ... on level 2 of the Dungeon.
             The game lasted 00:03:45 (1311 turns).

MisterOstroum the Sneak (Demigod Wanderer)          Turns: 1311, Time: 00:03:46

Health: -12/29     AC:  2    Str: 16    XL:     3   Next: 96%
Magic:  6/6        EV: 11    Int: 14    God:    Demigod [*.....]
Gold:   74         SH:  0    Dex: 20    Spells: 2/2 levels left

rFire    . . .     SeeInvis .   b - +0 shortbow
rCold    . . .     Gourm    .   (shield currently unavailable)
rNeg     . . .     Faith    .   f - +0 robe
rPois    .         Spirit   .   t - +0 hat
rElec    .         Reflect  .   (no cloak)
rCorr    .         Harm     .   (no gloves)
MR       .....                  (no boots)
Stlth    +++.......             (no amulet)
HPRegen  0.09/turn              (no ring)
MPRegen  0.10/turn              (no ring)

@: no status effects
A: high mp 1
a: Temporal Distortion


You were on level 2 of the Dungeon.
You worshipped Demigod.
Demigod was aware of your devotion.
You were not hungry.

You visited 1 branch of the dungeon, and saw 2 of its levels.

You collected 74 gold pieces.

Inventory:

Hand Weapons
 a - a +5 dagger
 b - a +0 shortbow (weapon)
 j - a +0 short sword
 s - a +2 whip of electrocution
Missiles
 g - 279 arrows (quivered)
 i - 200 stones
 p - 150 bolts
Armour
 f - a +0 robe (worn)
 t - a +0 hat (worn)
 u - a +0 leather armour
 v - a cursed -1 robe
Scrolls
 c - a scroll of teleportation {@r3 !r}
 d - a scroll of fear {!r}
 k - a scroll of remove curse {unknown}
 l - a scroll of enchant armour {unknown}
Potions
 h - a potion of agility {unknown}
 m - a potion of brilliance {unknown}
 n - a potion of haste {unknown}
 o - a potion of resistance {unknown}
Comestibles
 e - 3 rations {!d}
 r - 13 chunks of flesh


   Skills:
 + Level 2.2 Fighting
 * Level 2.5 Short Blades
   Level 1.7 Staves
 - Level 1.0 Bows
 - Level 1.0 Throwing
 - Level 1.0 Armour
 - Level 3.0 Stealth
   Level 1.0 Evocations


You had 2 spell levels left.
You didn't know any spells.
Your spell library was empty.

Dungeon Overview and Level Annotations

Branches:
Dungeon (2/12)


Innate Abilities, Weirdness & Mutations

You have an increased reservoir of magic. (+10% MP)


Message History

You see here a ration {!d}.
Firing (i - inventory. (/) - cycle)
g - 288 arrows (quivered)
Press: ? - help, Shift-Dir - straight line, f - dart slug
Aim: a dart slug You shoot an arrow.
The adder hisses angrily.
The arrow hits the dart slug!
The dart slug is severely wounded.
The dart slug launches a dart at you. The slug dart misses you.
Firing (i - inventory. (/) - cycle)
g - 287 arrows (quivered)
Press: ? - help, Shift-Dir - straight line, f/p - dart slug
Aim: a dart slug (severely wounded)
You shoot an arrow. The arrow hits the adder.
The adder is heavily wounded.
Firing (i - inventory. (/) - cycle)
g - 286 arrows (quivered)
Press: ? - help, Shift-Dir - straight line, f/p - adder
Aim: an adder (heavily wounded)
You shoot an arrow. The arrow hits the adder.
The adder is severely wounded.
Firing (i - inventory. (/) - cycle)
g - 285 arrows (quivered)
Press: ? - help, Shift-Dir - straight line, f/p - adder
Aim: an adder (severely wounded)
You shoot an arrow. The arrow hits the adder!
You kill the adder!
Your kill strengthens your divinity.
a - a +5 dagger (weapon)
The dart slug bites you.
You see here an adder corpse.
You hit the dart slug.
You kill the dart slug!
Your kill strengthens your divinity.
No target in view!
No target in view!
No target in view!
b - a +0 shortbow (weapon)
You butcher the adder corpse.
r - 11 chunks of flesh (gained 1)
You see here an adder skeleton. x2
HP restored.
You butcher the dart slug corpse.
r - 13 chunks of flesh (gained 2)
You see here an adder skeleton.
e - 3 rations {!d} (gained 1)
You open the door.
There is an open door here.
You see here 36 poisoned needles.
You open the door.
There is an open door here.
A giant cockroach comes into view.
A giant cockroach is nearby!
A giant cockroach is nearby!
A giant cockroach is nearby!
Firing (i - inventory. (/) - cycle)
g - 284 arrows (quivered)
Press: ? - help, Shift-Dir - straight line, f - giant cockroach
Aim: a giant cockroach (resting)
You shoot an arrow. The arrow hits the giant cockroach.
The giant cockroach is moderately wounded.
A gnoll comes into view. It is wielding a +0 halberd.
Firing (i - inventory. (/) - cycle)
g - 283 arrows (quivered)
Press: ? - help, Shift-Dir - straight line, f/p - giant cockroach
Aim: a giant cockroach (moderately wounded)
You shoot an arrow. The gnoll shouts!
The arrow hits the gnoll.
The gnoll is lightly wounded.
You hear a shout! x2
A gnoll comes into view. It is wielding a +0 spear.
Firing (i - inventory. (/) - cycle)
g - 282 arrows (quivered)
Press: ? - help, Shift-Dir - straight line, f/p - gnoll
Aim: a gnoll, wielding a +0 halberd (lightly wounded)
You shoot an arrow. The arrow hits the giant cockroach.
You kill the giant cockroach!
Your kill strengthens your divinity.
The gnoll hits you from afar with a +0 halberd!
A gnoll comes into view. It is wielding a -2 halberd.
The gnoll shouts!
The gnoll barely misses you.
Really attack while wielding your +0 shortbow?
Okay, then.
Firing (i - inventory. (/) - cycle)
g - 281 arrows (quivered)
Press: ? - help, Shift-Dir - straight line, f - gnoll
Aim: a gnoll, wielding a -2 halberd You shoot an arrow.
The arrow barely misses the gnoll.
The gnoll closely misses you. The gnoll barely misses you.
Firing (i - inventory. (/) - cycle)
g - 280 arrows (quivered)
Press: ? - help, Shift-Dir - straight line, f/p - gnoll
Aim: a gnoll, wielding a -2 halberd You shoot an arrow.
The arrow hits the gnoll but does no damage.
The gnoll misses you. The gnoll closely misses you.
You fail to use your ability.
The gnoll hits you with a cursed -2 halberd!
* * * LOW HITPOINT WARNING * * *
The gnoll closely misses you.
You fail to use your ability.
The gnoll hits you with a cursed -2 halberd!!
Ouch! That really hurt!
You die...
Your divinity fades.

####..รท........
...#+##### #
#...........#.........#
####...........#.........#
##.....#+#####.#.#.......#
.......'.......#.#g......#
##.....##......#.#.#+####
#.....##......#.#g#....#
#.....##......#g#......#
#.....##......#@###....#
#.....##...(..#..gg....#
#.....##......######...#
#.....##......# #...#
#####'## #...# #.# #...#
#.# ##.## #.# #.# #.# #.#


You could see 3 gnolls.

Vanquished Creatures
  An adder (D:2)
  2 oozes (D:1)
  3 dart slugs
  2 leopard geckos
  3 bats (D:1)
  3 giant cockroaches
  4 goblins (D:1)
  3 hobgoblins (D:1)
  4 jackals (D:2)
  4 frilled lizards (D:1)
  7 kobolds (D:1)
  3 rats (D:1)
39 creatures vanquished.

Notes
Turn   | Place    | Note
-------+----------+-------------------------------------------
     0 | D:1      | MisterOstroum the Demigod Wanderer began the quest for the
                  | Orb.
     0 | D:1      | MisterOstroum set off with the following items: a +2
                  | dagger, a scroll of fear {!r}, a scroll of teleportation
                  | {@r3 !r}, a +0 shortbow, a ration {!d}, a +0 robe, 162
                  | arrows
     0 | D:1      | Reached XP level 1. HP: 16/16 MP: 3/3
    96 | D:1      | Reached skill level 1 in Short Blades
    96 | D:1      | Reached XP level 2. HP: 23/23 MP: 5/5
   549 | D:1      | Reached XP level 3. HP: 25/29 MP: 6/6
   573 | D:1      | Reached * piety under Demigod
  1311 | D:2      | Mangled by a gnoll

Skill      XL: |  1  2  3 |
---------------+----------+-----
Short Blades   | 1 2 |  2.5
Fighting       | 2 |  2.2
Staves         | |  1.7
Bows           | |  1.0
Throwing       | |  1.0
Armour         | |  1.0
Stealth        | |  3.0
Evocations     | |  1.0

Action                   || total
-------------------------++-------
Melee: Dagger            ||    82
 Fire: Shortbow          ||    40
  Use: Scroll            ||     1
 Stab: Sleeping          ||     2
  Eat: Chunk             ||     4
Armor: Robe              ||    12
Dodge: Dodged            ||    51
